 Dungeon Crawl Stone Soup version 0.32-a0-22-g6ae6769602 (webtiles) character file.

Game seed: 6145896344992907151

35236 jasper the Basher (level 13, -28/118 HPs)
             Began as an Armataur Berserker on Jan 18, 2024.
             Was a High Priest of Trog.
             Annihilated by Donald
             ... wielding a +0 long sword
              (39 damage)
             ... on level 2 of the Orcish Mines.
             The game lasted 01:05:51 (19260 turns).

jasper the Basher (Armataur Berserker)             Turns: 19260, Time: 01:05:52

Health: -28/118    AC: 14    Str: 25    XL:     13   Next: 46%
Magic:  13/13      EV: 10    Int:  7    God:    Trog [*****.]
Gold:   1084       SH: 16    Dex: 13    Spells: 12/12 levels left

rFire   . . .        k - +0 flail (freeze)
rCold   . . .        f - +0 kite shield
rNeg    + . .        M - +0 acid dragon scales
rPois   .            w - +0 helmet
rElec   .            S - +0 cloak {Stlth+}
rCorr   +            C - +2 pair of gloves
SInv    +            (no barding)
Will    ++...        a - amulet of Ulimoe Isyt {Reflect Regen+ SH+5}
Stlth   ++           m - ring of see invisible
HPRegen 2.19/turn    v - ring of positive energy
MPRegen 0.13/turn

%: reflection, roll
@: mighty, strong-willed, regenerating, invisible
A: large, deformed body, tough skin 3, armoured tail, roll 2
a: Renounce Religion, Berserk, Trog's Hand, Brothers in Arms


You were on level 2 of the Orcish Mines.
You worshipped Trog.
Trog was extremely pleased with you.
You visited 4 branches of the dungeon, and saw 20 of its levels.
You also visited: Ossuary.

You collected 1147 gold pieces.
You spent 63 gold pieces at shops.

Inventory:

Hand Weapons
 g - a +1 antimagic war axe
 k - a +0 flail of freezing (weapon)
 G - a +3 whip of electrocution
Missiles
 e - 63 stones (quivered)
 n - 28 poisoned darts
 y - a curare-tipped dart
 X - 9 boomerangs
Armour
 f - a +0 kite shield (worn)
 w - a +0 helmet (worn)
 C - a +2 pair of gloves (worn)
 M - +0 acid dragon scales (worn)
 S - a +0 cloak of stealth (worn)
Jewellery
 a - the amulet of Ulimoe Isyt (around neck) {Reflect Regen+ SH+5}
   (You acquired it on level 10 of the Dungeon)

   [amulet of reflection]

   Reflect:   It reflects blocked missile attacks.
   Regen+:    It increases your rate of health regeneration.
   SH+5:      It affects your SH (+5).
 h - an amulet of magic regeneration
 m - a ring of see invisible (left hand)
 s - a ring of magical power
 v - a ring of positive energy (right hand)
Wands
 u - a wand of flame (56)
 x - a wand of roots (23)
 N - a wand of mindburst (26)
Scrolls
 b - a scroll of torment
 j - 2 scrolls of silence
 p - 6 scrolls of blinking
 z - 5 scrolls of teleportation
 A - 5 scrolls of revelation
 D - 7 scrolls of identify
 H - 2 scrolls of fear
 I - 2 scrolls of vulnerability
 P - 2 scrolls of fog
 V - a scroll of summoning
 W - a scroll of enchant weapon
 Z - 2 scrolls of poison
Potions
 c - 3 potions of magic
 d - 3 potions of might
 q - a potion of enlightenment
 r - 2 potions of ambrosia
 t - 3 potions of brilliance
 B - 4 potions of lignification
 E - a potion of invisibility
 F - a potion of haste
 J - 2 potions of berserk rage
 K - 3 potions of curing
 L - 2 potions of mutation
 Q - a potion of attraction
 R - 2 potions of cancellation
Miscellaneous
 U - a phial of floods (inert)


   Skills:
 - Level 12.1 Fighting
 - Level 14.3 Maces & Flails
 - Level 8.4 Armour
 - Level 5.0 Dodging
 + Level 9.2 Shields


You had 12 spell levels left.
You didn't know any spells.
Your spell library was empty.

Dungeon Overview and Level Annotations

Branches:
Dungeon (12/15)            Temple (1/1) D:4            Lair (5/5) D:9
  Slime (0/5) Lair:4          Orc (2/2) D:12        Ossuary (visited)
  Swamp: Lair:2-3    Shoals: Lair:2-3     Snake: Lair:2-3    Spider: Lair:2-3
    Elf: Orc:2

Altars:
Ashenzari
Cheibriados
Dithmenos
Elyvilon
Fedhas
Gozag
Hepliaklqana
Kikubaaqudgha
Makhleb
Nemelex Xobeh
Okawaru
Qazlal
Ru
Sif Muna
Trog
Uskayaw
Vehumet
Wu Jian
Xom
Yredelemnul
Zin
The Shining One
Jiyva

Shops:
D:2 [   D:9 :(   Orc:1 =**

Annotations:
D:3 1 runed translucent door, Crazy Yiuf
D:11 1 runed translucent door
Lair:1 exclusions: basilisk and 2 downstairs, Sonja
Lair:3 Nessos
Lair:4 exclusion: oklob plant
Orc:2 Donald


Innate Abilities, Weirdness & Mutations

Armour fits poorly on your strangely shaped body.
You have extremely tough skin. (AC +3)
You have a long armoured tail.
You regenerate magic and health when rolling toward enemies. (Rampage Regen)


Message History

You feel very mighty all of a sudden.
Donald gestures wildly while chanting.
Donald seems to grow stronger.
You block Donald's attack.
You regained 2 hp, and now have 93/118 hp.
You fade into invisibility!
Donald hits you with a +0 long sword!!
You take 30 damage, and have 63/118 hp.
MASSIVE DAMAGE!!
You catch the helpless Donald completely off-guard!
You thump Donald! You freeze Donald.
Donald is moderately wounded.
You strike the helpless Donald from behind!
You bludgeon Donald!! You freeze Donald.
Donald is heavily wounded.
Donald barely misses you.
You regained 2 hp, and now have 66/118 hp.
You barely miss Donald. You tail-slap Donald, but do no damage.
Donald is heavily wounded.
Donald hits you with a +0 long sword!!
You take 25 damage, and have 41/118 hp.
MASSIVE DAMAGE!!
You strike the helpless Donald from behind!
You sock Donald! You freeze Donald.
Your tail-slap misses Donald.
Donald is severely wounded.
Donald hits you with a +0 long sword!!
* * * LOW HITPOINT WARNING * * *
You take 19 damage, and have 22/118 hp.
You feel much better.
Donald says, "These orcs are so stupid, they must've eaten the rune."
You block Donald's attack. x2
You regained 15 hp, and now have 37/118 hp.
You sock Donald! You freeze Donald.
Donald is almost dead.
Donald says, "I don't get what's so special about the number twenty-seven."
Donald hits you with a +0 long sword!!
* * * LOW HITPOINT WARNING * * *
You take 27 damage, and have 10/118 hp.
MASSIVE DAMAGE!!
You hit Donald but do no damage.
Donald is almost dead.
Donald hits you with a +0 long sword!!!
You die...
Donald says, "I won.
I... don't hate that."

...............##
.............$..#
.8.............#
##..#........##
#.............#
#.....#..)...##
##....##.....#
#...####@#.##
#...###@..##
#....###.##
#......##...#
#.o.@#...##.##
#........###.#
..#.......##...#
.......##.####.##
. ..... ### ###
.....#


You could see Donald (fast, strong, unable to see you, reflecting).

Vanquished Creatures
  Fannar (Lair:2)
  An alligator (Orc:1)
  2 hydras (Lair:1)
  A centaur warrior (D:8)
  A two-headed ogre (D:9)
  3 orc high priests
  Pikel (D:4)
  4 orc knights
  A manticore (D:8)
  3 orc sorcerers
  2 black mambas
  A cyclops (D:11)
  An elephant (D:9)
  4 kobold blastminers
  Maurice (D:7)
  6 komodo dragons
  A cane toad (Lair:3)
  Maggie (D:7)
  An unseen horror (D:11)
  4 rime drakes
  10 trolls
  A hornet (D:11)
  A dream sheep (Lair:3)
  Sigmund (D:3)
  4 slime creatures
  3 shadows
  4 wraiths
  19 yaks
  2 wyverns
  2 basilisks
  A steam dragon (D:5)
  5 vampire mosquitoes (D:12)
  3 wargs (Orc:1)
  Menkaure (D:4)
  6 water moccasins
  22 orc warriors
  An elephant zombie (D:8)
  An ice beast (D:7)
  3 sky beasts
  4 black bears
  5 ogres
  15 wolves
  3 phantoms (D:5)
  5 centaurs
  2 kobold brigands
  Blork the orc (Orc:2)
  An elf zombie (D:8)
  13 bullfrogs
  2 gnoll sergeants (D:12)
  5 scorpions
  2 wights (D:8)
  12 killer bees
  10 howler monkeys
  2 bullfrog zombies (Ossuary)
  2 centaur zombies (D:8)
  6 mummies (Ossuary)
  9 orc priests
  2 bombardier beetles
  5 hounds
  A sleepcap (D:6)
  2 gnoll boudas
  Natasha (thrice) (D:3)
  6 iguanas
  31 orc wizards
  2 scorpion zombies (D:8)
  Ijyb (D:3)
  A killer bee zombie (Ossuary)
  2 ogre zombies (D:8)
  3 crocodile zombies (Ossuary)
  7 hound zombies
  7 howler monkey zombies
  9 gnolls
  4 adders
  2 shadow imps
  3 white imps
  2 ufetubi (D:6)
  A dart slug (D:1)
  A ribbon worm (D:5)
  53 orcs
  5 bats
  9 endoplasms
  4 giant cockroaches
  7 goblins
  5 hobgoblins
  4 quokkas
  7 ball pythons
  A ball python zombie (Ossuary)
  2 frilled lizards
  14 kobolds
  7 rats
442 creatures vanquished.

Vanquished Creatures (collateral kills)
  A vampire mosquito (D:11)
  3 killer bees (D:11)
  2 howler monkeys (D:11)
6 creatures vanquished.

Grand Total: 448 creatures vanquished

Notes
Turn   | Place    | Note
-------+----------+-------------------------------------------
     0 | D:1      | jasper the Armataur Berserker began the quest for the Orb.
     0 | D:1      | Reached XP level 1. HP: 18/18 MP: 1/1
    24 | D:1      | Reached skill level 3 in Maces & Flails
   103 | D:1      | Reached XP level 2. HP: 25/25 MP: 2/2
   675 | D:2      | Found Micicsua's Armour Shop.
   743 | D:2      | Found a shadowy altar of Dithmenos.
   764 | D:2      | Reached ** piety under Trog
   769 | D:2      | Reached XP level 3. HP: 28/30 MP: 3/3
   937 | D:2      | Reached skill level 4 in Maces & Flails
  1095 | D:2      | Found a faded altar of an unknown god.
  1291 | D:3      | Noticed a sky beast
  1291 | D:3      | Found a stormy altar of Qazlal.
  1504 | D:4      | Noticed an ogre
  1614 | D:3      | Killed a sky beast
  1615 | D:3      | Reached skill level 5 in Maces & Flails
  1615 | D:3      | Reached XP level 4. HP: 35/37 MP: 4/4
  1615 | D:3      | Reached XP level 5. HP: 41/42 MP: 5/5
  1665 | D:3      | Noticed Ijyb
  1670 | D:3      | Killed Ijyb
  1815 | D:3      | Found a glowing silver altar of Zin.
  1871 | D:3      | Noticed Sigmund
  1888 | D:3      | Killed Sigmund
  1889 | D:3      | Reached skill level 6 in Maces & Flails
  1889 | D:3      | Reached XP level 6. HP: 49/50 MP: 6/6
  2008 | D:3      | Noticed Natasha
  2020 | D:3      | Killed Natasha
  2090 | D:3      | Noticed Natasha
  2106 | D:3      | Killed Natasha
  2157 | D:3      | Found a runed translucent door.
  2158 | D:3      | Noticed Crazy Yiuf
  2208 | D:3      | Noticed Natasha
  2212 | D:3      | Killed Natasha
  2215 | D:3      | Found a glowing golden altar of the Shining One.
  2267 | D:3      | Found a basalt altar of Yredelemnul.
  2269 | D:3      | Noticed a profane servitor
  2277 | D:3      | Noticed an angel
  2371 | D:4      | Found a broken altar of Ashenzari.
  2384 | D:4      | Found a staircase to the Ecumenical Temple.
  2391 | D:4      | Reached skill level 7 in Maces & Flails
  2483 | D:2      | Bought a +0 helmet for 63 gold pieces
  2547 | D:4      | Found a burning altar of Makhleb.
  2565 | D:4      | Gained mutation: You regenerate magic and health when
                  | rolling toward enemies. (Rampage Regen) [Armataur growth]
  2565 | D:4      | Reached XP level 7. HP: 56/56 MP: 7/7
  2792 | D:4      | Noticed Pikel
  2816 | D:4      | Killed Pikel
  2817 | D:4      | Reached skill level 9 in Maces & Flails
  2817 | D:4      | Reached XP level 8. HP: 28/62 MP: 8/8
  3023 | D:4      | Noticed Menkaure
  3034 | D:4      | Killed Menkaure
  3131 | D:4      | Found a white marble altar of Elyvilon.
  3451 | D:5      | Entered Level 5 of the Dungeon
  3661 | Temple   | Entered the Ecumenical Temple
  3735 | D:5      | Reached *** piety under Trog
  3789 | D:5      | Reached skill level 10 in Maces & Flails
  4306 | D:5      | HP: 4/94 [constriction (3)]
  4308 | D:5      | Reached skill level 11 in Maces & Flails
  4311 | D:5      | Reached XP level 9. HP: 4/69 MP: 9/9
  5133 | D:5      | Found a hazy altar of Hepliaklqana.
  5278 | D:6      | Found a sand-covered staircase.
  5340 | Ossuary  | Entered an ossuary
  5578 | Ossuary  | Reached skill level 12 in Maces & Flails
  5653 | Ossuary  | Reached **** piety under Trog
  5736 | Ossuary  | Reached skill level 5 in Fighting
  6517 | D:7      | Noticed Maggie
  6535 | D:7      | Killed Maggie
  6536 | D:7      | Reached XP level 10. HP: 79/83 MP: 10/10
  6653 | D:7      | Noticed Maurice
  6656 | D:7      | Maurice stole 38 stones
  6668 | D:7      | Killed Maurice
  7461 | D:8      | Noticed a centaur warrior
  7474 | D:8      | Noticed a manticore
  7480 | D:8      | Killed a centaur warrior
  7508 | D:8      | Killed a manticore
  7618 | D:8      | Identified the +2 war axe "Wuijac" {freeze, *Rage rF++
                  | Dex+4}
  7754 | D:8      | Found a basalt altar of Yredelemnul.
  7896 | D:8      | Reached ***** piety under Trog
  8135 | D:8      | Found a sacrificial altar of Ru.
  8147 | D:8      | Found a sparkling altar of Nemelex Xobeh.
  8718 | D:9      | Found Uhust's Antique Weapon Shoppe.
  8951 | D:9      | Reached XP level 11. HP: 59/97 MP: 11/11
  9118 | D:9      | Found Pocuxexo's Book Boutique.
  9120 | D:9      | Reached skill level 5 in Dodging
  9458 | D:9      | Noticed a two-headed ogre
  9478 | D:9      | Killed a two-headed ogre
  9686 | D:9      | Noticed a lindwurm
  9692 | D:9      | Noticed a lindwurm
  9936 | D:10     | Entered Level 10 of the Dungeon
  9966 | D:10     | Reached skill level 10 in Fighting
 10385 | D:10     | Identified a scroll of acquirement
 10416 | D:10     | Acquired the amulet of Ulimoe Isyt {Reflect Regen+ SH+5}
 10654 | D:11     | Reached skill level 5 in Armour
 11460 | D:11     | Found a runed translucent door.
 11461 | D:11     | Found a burning altar of Makhleb.
 11461 | D:11     | Noticed a sixfirhy
 11721 | D:9      | Noticed a lindwurm
 11745 | D:9      | Found a staircase to the Lair.
 11753 | Lair:1   | Entered Level 1 of the Lair of Beasts
 12515 | Lair:1   | Reached XP level 12. HP: 85/110 MP: 12/12
 12714 | Lair:1   | Received a gift from Trog
 12798 | Lair:1   | Noticed Sonja
 13070 | Lair:2   | Noticed Fannar
 13106 | Lair:2   | Noticed a four-headed hydra
 13172 | Lair:1   | Reached skill level 13 in Maces & Flails
 13214 | Lair:2   | Noticed a six-headed hydra
 13226 | Lair:1   | Killed a six-headed hydra
 13327 | Lair:3   | Noticed Nessos
 13350 | Lair:2   | Killed Fannar
 13403 | Lair:1   | Killed a four-headed hydra
 13451 | Lair:2   | Noticed an eight-headed hydra
 13553 | Lair:3   | Reached skill level 14 in Maces & Flails
 13710 | Lair:3   | Found a stormy altar of Qazlal.
 13908 | Lair:5   | Entered Level 5 of the Lair of Beasts
 13908 | Lair:5   | Noticed a catoblepas
 14887 | D:12     | Found a staircase to the Orcish Mines.
 16345 | Orc:1    | Entered Level 1 of the Orcish Mines
 16373 | D:12     | Reached skill level 1 in Shields
 16586 | Orc:1    | Noticed an orc high priest
 16610 | Orc:1    | Killed an orc high priest
 16611 | Orc:1    | Reached XP level 13. HP: 118/118 MP: 13/13
 17157 | Orc:1    | Reached skill level 5 in Shields
 17408 | Orc:1    | Found Varphih's Jewellery Shoppe.
 17588 | Orc:1    | Found Ristal's General Store.
 17590 | Orc:1    | Found Kiggathri's Specific Store.
 17725 | Orc:2    | Entered Level 2 of the Orcish Mines
 18040 | Orc:1    | Received a gift from Trog
 18537 | Orc:2    | Noticed Blork the orc
 18542 | Orc:2    | Killed Blork the orc
 18544 | Orc:2    | Noticed an orc warlord
 18803 | Orc:2    | an orc warlord changed into an alligator
 18901 | Orc:2    | Paralysed by an orc sorcerer for 2 turns
 19230 | Orc:2    | Noticed Donald
 19260 | Orc:2    | Annihilated by Donald

Illustrated notes

Levels and vault maps discovered:
D:1:      minmay_arrival_solitary_statue, layout_loops_ring
D:2:      layout_rooms, hellmonk_ecumenical_altar_arch_garden, serial_shops,
          nicolae_shop_getting_attention, basic_altar,
          chequers_serial_rivers_room_b
D:3:      layout_rooms, grunt_temple_overflow_holy_war,
          mainiacjoe_overflow_catwalk, nicolae_qazlal_beasts_of_the_sky,
          minmay_strange_pillars, uniq_sigmund, uniq_ijyb, uniq_natasha,
          uniq_crazy_yiuf_cottage
D:4:      minmay_evil_eye, layout_basic, general_overflow_altar,
          mainiacjoe_overflow_tiny_flanked, elyvilon_altar_3,
          minmay_temple_entry_mini_moons, uniq_pikel, uniq_menkaure
D:5:      layout_basic, worldfamousw_hep_ancestral_shrine, minmay_joined_circles
D:6:      layout_basic, nicolae_ossuary_entry_ruins, minivault_4
D:7:      layout_basic, hangedman_decor_slide_cut, uniq_maggie, uniq_maurice
D:8:      cheibrodos_fzero, layout_loops_corners,
          mainiacjoe_overflow_catwalk_spiral, serial_co_window_serial,
          co_window_paths_b, co_window_paths_a, co_window_corner_a,
          co_window_corner_a, co_window_corner_a, co_window_2corner,
          co_window_corner_ca, co_window_corner_b, co_window_4corner_a,
          glass_columns_a, serial_bayou_pond_d, roadster_capsule_ark_zombie
D:9:      layout_grid_maze, grunt_dithmenos_smoke,
          grunt_lair_entry_orc_guard_hut, serial_shops,
          nicolae_shop_tiny_statue_garden, kennysheep_mini,
          chequers_serial_rivers_micro_e, minmay_lindwurm_lava
D:10:     layout_rooms
D:11:     kennysheep_blocky_hall, layout_irregular_city, nzn_makhleb_speed_demon
D:12:     layout_long_grid, kennysheep_orc_monster_closet_entryway
Temple:   pf_slime_end_temple
Lair:1:   dragon1_lemuel, layout_hall_layers, grunt_megastairs_5,
          infiniplex_staircase_pool_2, serial_bayou_shore_b,
          serial_bayou_shore_b, uniq_sonja
Lair:2:   layout_layer_cave, uniq_fannar
Lair:3:   layout_misc_corridors, mainiacjoe_swamp_entry_lozenge_pond,
          alex1729_snake_entry_snake, nicolae_volcano_entry_lava_flow,
          lemuel_centaur_altar, uniq_nessos
Lair:4:   layout_cave_pods, minmay_slime_entry_oklob_enclosed,
          infiniplex_staircase_pool
Lair:5:   hellmonk_lair_end_abyssal_woods, layout_regular_city, uniq_urug
Orc:1:    layout_caves, serial_shops, shop, nicolae_specific_store,
          guppyfry_orc_lava_fort
Orc:2:    grunt_orc_cross, layout_caves, uniq_donald

Skill      XL: |  1  2  3  4  5  6  7  8  9 10 11 12 13 |
---------------+----------------------------------------+-----
Maces & Flails | 3 5 6 7 9 11 12 14 | 14.3
Fighting       | 3 6 9 11 12 | 12.1
Dodging        | 2 4 5 |  5.0
Armour         | 6 8 |  8.4
Shields        | 3 9 |  9.2

Action                     |  1- 3 |  4- 6 |  7- 9 | 10-12 | 13-15 || total
---------------------------+-------+-------+-------+-------+-------++-------
  Melee: Mace              |    94 |       |       |       |       ||    94
         Tailslap          |     8 |     7 |    48 |   174 |    64 ||   301
         Flail             |    11 |    62 |   238 |   477 |   348 ||  1136
         Punch             |     1 |     1 |     3 |    11 |       ||    16
         Whip              |       |       |   112 |   504 |       ||   616
  Throw: Stone             |     1 |     1 |     2 |    17 |    11 ||    32
         Dart              |       |       |       |     1 |     2 ||     3
 Invoke: Berserk           |     1 |     5 |     8 |     8 |     4 ||    26
         Trog's Hand       |       |       |     3 |    10 |     2 ||    15
         Brothers in Arms  |       |       |       |     1 |       ||     1
  Evoke: Wand              |       |       |     2 |     9 |     6 ||    17
         Phial of floods   |       |       |       |     2 |       ||     2
    Use: Scroll            |     3 |       |    18 |    13 |     1 ||    35
         Potion            |       |       |       |       |     3 ||     3
   Stab: Sleeping          |     1 |       |       |     3 |       ||     4
         Invisible         |       |       |       |       |     3 ||     3
         Distracted        |       |       |       |       |     1 ||     1
 Armour: Animal skin       |    71 |       |       |       |       ||    71
         Ring mail         |     7 |    35 |    34 |       |       ||    76
         Steam dragon scal |       |       |   129 |     1 |       ||   130
         Acid dragon scale |       |       |       |   511 |   156 ||   667
  Dodge: Dodged            |    52 |    26 |    81 |   330 |    67 ||   556
  Block: Other             |       |       |       |   104 |       ||   104
         Kite shield       |       |       |       |    37 |   229 ||   266
         Reflection        |       |       |       |       |    26 ||    26

Table legend: (Time is in decaauts)
 A = Elapsed time spent in this place.
 B = Non-inter-level travel time spent in this place.
 C = Inter-level travel time spent in this place.
 D = Time resting spent in this place.
 E = Time spent auto-exploring this place.
 F = Levels seen in this place.
 G = Mean time per level.
                   A        B        C        D        E       F      G
               +--------+--------+--------+--------+--------+-----+--------+
         Total |  19032 |  17846 |   1186 |   4581 |   6019 |  21 |  906.3 |
       Dungeon |  13458 |  12473 |    985 |   2734 |   5606 |  12 | 1121.5 |
        Temple |      1 |      1 |      0 |      0 |      0 |   1 |    1.0 |
          Lair |   2448 |   2260 |    188 |    585 |    201 |   5 |  489.6 |
  Orcish Mines |   2675 |   2662 |     13 |   1079 |    111 |   2 | 1337.5 |
       Ossuary |    448 |    448 |      0 |    182 |    101 |   1 |  448.0 |
               +--------+--------+--------+--------+--------+-----+--------+

Top non-repeatable levels by time:
    D:12: 2126 daAuts
   Orc:1: 1778 daAuts
     D:5: 1574 daAuts
  Lair:1: 1522 daAuts
     D:8: 1437 daAuts
     D:9: 1424 daAuts
     D:4: 1208 daAuts
    D:11: 1088 daAuts
     D:3: 988 daAuts
   Orc:2: 896 daAuts
     D:2: 829 daAuts
     D:6: 802 daAuts
     D:1: 674 daAuts
    D:10: 654 daAuts
     D:7: 650 daAuts
